 Dungeon Crawl Stone Soup version 0.24.0-37-gcf1ca852f1 (webtiles) character file.

Game seed: 11424740664928505916, levelgen mode: deterministic

376 Delamore the Cleaver (level 6, -1/51 HPs)
             Began as a Hill Orc Fighter on Nov 23, 2019.
             Was a Follower of Elyvilon.
             Slain by an orc warrior
             ... wielding a +0 halberd
              (9 damage)
             ... on level 2 of the Dungeon.
             The game lasted 00:07:49 (3092 turns).

Delamore the Cleaver (Hill Orc Fighter)             Turns: 3092, Time: 00:07:49

Health: -1/51      AC:  9    Str: 21    XL:     6   Next: 73%
Magic:  6/6        EV:  7    Int:  8    God:    Elyvilon [*.....]
Gold:   155        SH:  9    Dex: 10    Spells: 5/5 levels left

rFire    . . .     SeeInvis +   a - +0 war axe
rCold    . . .     Gourm    .   c - +0 shield
rNeg     . . .     Faith    .   b - +0 scale mail
rPois    .         Spirit   .   (no helmet)
rElec    .         Reflect  .   (no cloak)
rCorr    .         Harm     .   (no gloves)
MR       .....                  (no boots)
Stlth    ..........             (no amulet)
HPRegen  0.17/turn              k - ring of see invisible
MPRegen  0.10/turn              m - +3 ring of protection

@: flying
A: no striking features
a: Lesser Healing, Divine Protection, Renounce Religion


You were on level 2 of the Dungeon.
You worshipped Elyvilon.
Elyvilon was aware of your devotion.
You were not hungry.

You visited 1 branch of the dungeon, and saw 3 of its levels.

You collected 155 gold pieces.

Inventory:

Hand Weapons
 a - a +0 war axe (weapon)
Armour
 b - a +0 scale mail (worn)
 c - a +0 shield (worn)
Jewellery
 k - a ring of see invisible (left hand)
 m - a +3 ring of protection (right hand)
Scrolls
 i - a scroll of amnesia {unknown}
 j - a scroll of fog {unknown}
 l - 2 scrolls of identify {unknown}
 n - 2 scrolls of magic mapping {unknown}
 o - a scroll of remove curse {unknown}
Potions
 d - a potion of might
 e - a potion of flight
 g - a potion of curing {unknown}
 h - a potion of resistance {unknown}
Comestibles
 f - 4 rations


   Skills:
 - Level 3.6 Fighting
 + Level 9.2 Axes
 - Level 3.2 Armour
 - Level 3.2 Shields


You had 5 spell levels left.
You didn't know any spells.
Your spell library was empty.

Dungeon Overview and Level Annotations

Branches:
Dungeon (3/15)

Altars:
Elyvilon


Message History

There is a stone staircase leading down here.
You barely miss the orc warrior. You barely miss the orc.
The orc warrior hits you with a +0 halberd!!
The orc hits you with a +0 short sword.
The orc warrior hits you with a +0 halberd.
You are too injured to fight recklessly!
You are too injured to fight recklessly!
Your shield prevents you from hitting the orc warrior.
Your shield prevents you from hitting the orc.
The orc hits you but does no damage.
You hit the orc warrior but do no damage.
You slash the orc!
You kill the orc!
The orc warrior hits you with a +0 halberd!
* * * LOW HITPOINT WARNING * * *
It was a potion of flight.
You feel very buoyant.
You fly up into the air.
The orc warrior hits you with a +0 halberd!
You die...

#.........#####)....
#.........# #...†.
#.........# #.....
#..)......# ######
#.........#
###.####### ###.####
#.).[..#############
#.o@[...............
#.[.)..#####.#.#####
######## #.#.#....
#.#.#.##. #.#.#.#<.
#.#.#.#.. #.#.#.#..
#†#.#.### #.#.#....


You could see an orc warrior.

Vanquished Creatures
  Sigmund (D:2)
  An orc priest (D:3)
  Jessica (D:3)
  4 gnolls (D:3)
  3 adders
  4 worms
  A dart slug (D:1)
  3 leopard geckos
  7 orcs (D:2)
  A ball python (D:2)
  6 giant cockroaches
  4 goblins
  8 hobgoblins
  4 jackals (D:2)
  10 kobolds
  3 quokkas (D:2)
  5 bats
  3 frilled lizards
  9 rats
  A plant (D:2)
79 creatures vanquished.

Notes
Turn   | Place    | Note
-------+----------+-------------------------------------------
     0 | D:1      | Delamore the Hill Orc Fighter began the quest for the Orb.
     0 | D:1      | Reached XP level 1. HP: 19/19 MP: 1/1
    73 | D:1      | Reached skill level 3 in Axes
   178 | D:1      | Reached XP level 2. HP: 26/26 MP: 2/2
   265 | D:1      | Reached skill level 4 in Axes
   458 | D:1      | Reached XP level 3. HP: 31/31 MP: 3/3
   798 | D:2      | Noticed Sigmund
   916 | D:2      | Reached skill level 5 in Axes
  1611 | D:2      | Killed Sigmund
  1611 | D:2      | Reached skill level 7 in Axes
  1611 | D:2      | Reached XP level 4. HP: 11/39 MP: 4/4
  1611 | D:2      | Reached XP level 5. HP: 13/45 MP: 5/5
  1910 | D:2      | Reached skill level 8 in Axes
  1912 | D:2      | Reached XP level 6. HP: 49/51 MP: 6/6
  1975 | D:2      | Found a faded altar of an unknown god.
  1994 | D:2      | Became a worshipper of Elyvilon the Healer
  1994 | D:2      | Reached * piety under Elyvilon
  2618 | D:3      | Noticed Jessica
  2625 | D:3      | Killed Jessica
  2900 | D:3      | Reached skill level 9 in Axes
  2921 | D:3      | Noticed an orc warrior
  3092 | D:2      | Slain by an orc warrior

Levels and vault maps discovered:
D:1:      dpeg_arrival_rooms_a, layout_basic, chequers_jeans
D:2:      layout_basic, chequers_ecumenical_altar_lobes, uniq_sigmund
D:3:      layout_basic, ebering_ghost_reflecting_pool, first_ration,
          minivault_24, uniq_jessica

Skill      XL: |  1  2  3  4  5  6 |
---------------+-------------------+-----
Axes           | 3 4 7 8 9 |  9.2
Fighting       | |  3.6
Armour         | |  3.2
Shields        | |  3.2

Action                   |  1- 3 |  4- 6 || total
-------------------------+-------+-------++-------
Melee: War axe           |   111 |   159 ||   270
  Use: Potion            |       |     1 ||     1
  Eat: Chunk             |     1 |     6 ||     7
Armor: Scale mail        |    36 |    47 ||    83
Dodge: Dodged            |    27 |    42 ||    69
Block: Shield            |    52 |    74 ||   126
